 Seeded DCSS version 0.31-a0-217-g58bb5d79cf (webtiles) character file.

Game seed: 12589761096544625774 (custom seed)

3095 innerfire43 the Fighter (level 9, -3/81 HPs)
             Began as a Demonspawn Monk on July 2, 2023.
             Was a Priest of Cheibriados.
             Asphyxiated
             ... on level 8 of the Dungeon.
             The game lasted 00:10:07 (7070 turns).

innerfire43 the Fighter (Demonspawn Monk)           Turns: 7070, Time: 00:10:08

Health: -3/81      AC: 11    Str: 24    XL:     9   Next: 59%
Magic:  9/9        EV: 16    Int: 25    God:    Cheibriados [***...]
Gold:   389        SH:  0    Dex: 24    Spells: 8/8 levels left

rFire   . . .        x - +2 hand axe (vamp)
rCold   + . .        d - orb {light}
rNeg    . . .        i - +3 ring mail {rC+}
rPois   .            (helmet restricted)
rElec   .            t - +0 cloak
rCorr   .            (no gloves)
SInv    .            (no boots)
Will    .....        h - amulet of regeneration
Stlth   +            g - +4 ring of slaying
HPRegen 1.13/turn    n - +6 ring of intelligence
MPRegen 0.11/turn

%: no passive effects
@: lethally poisoned (-3 -> -25), slowed, glowing, very slow
A: antennae 1, rugged brown scales 2, spiny 1
a: Renounce Religion, Bend Time, Temporal Distortion


You were on level 8 of the Dungeon.
You worshipped Cheibriados.
Cheibriados was most pleased with you.
You visited 1 branch of the dungeon, and saw 8 of its levels.

You collected 389 gold pieces.

Inventory:

Hand Weapons
 a - a +3 hand axe
 e - a +5 quarterstaff
 x - a +2 vampiric hand axe (weapon)
Armour
 b - a +0 robe
 d - an orb of light (worn)
 i - a +3 ring mail of cold resistance (worn)
 t - a +0 cloak (worn)
Jewellery
 g - a +4 ring of slaying (left hand)
 h - an amulet of regeneration (around neck)
 n - a +6 ring of intelligence (right hand)
 u - a ring of positive energy
Wands
 j - a wand of roots (9)
 p - a wand of flame (15)
Scrolls
 m - 6 scrolls of identify
 v - a scroll of enchant armour
Potions
 c - a potion of ambrosia
 f - a potion of brilliance {unknown}
 k - a potion of magic {unknown}
 l - a potion of lignification {unknown}
 q - a potion of curing {unknown}
 r - a potion of degeneration {unknown}
 s - a potion of berserk rage {unknown}
 w - a potion of enlightenment {unknown}


   Skills:
 * Level 10.0 Fighting
 + Level 6.7 Axes
 + Level 6.7 Dodging


You had 8 spell levels left.
You didn't know any spells.
Your spell library contained the following spells:

 Spells                   Type           Power      Damage    Failure   Level
 Apportation              Tloc           0%         N/A       22%         1
 Necrotise                Necr           0%         1d4       22%         1
 Summon Small Mammal      Summ           0%         N/A       22%         1
 Ensorcelled Hibernation  Hex/Ice        0%         N/A       32%         2
 Momentum Strike          Conj/Tloc      0%         3d8       32%         2
 Ozocubu's Armour         Ice            0%         N/A       54%         3
 Enfeeble                 Hex            0%         N/A       100%        7
 Malign Gateway           Summ/Tloc      0%         N/A       100%        7
 Ozocubu's Refrigeration  Ice            0%         4d7       100%        7


Dungeon Overview and Level Annotations

Branches:
Dungeon (8/15)             Temple (0/1) D:6
   Lair: D:8-11

Altars:
Cheibriados
Hepliaklqana
Kikubaaqudgha
Makhleb
Ru

Shops:
D:2 [

Annotations:
D:8 Amaemon


Innate Abilities, Weirdness & Mutations

You have a pair of small antennae on your head.
You are mostly covered in rugged brown scales. (AC +2, +5% HP)
You are partially covered in sharp spines.


Message History

Amaemon is heavily wounded.
You feel very sick. The orange demon stings you from afar.
You are more poisoned.
You have difficulty breathing.
* * * LOW HITPOINT WARNING * * *
You feel yourself slow down.
Something foul drips from Amaemon's claws.
Amaemon completely misses you. Amaemon barely misses you. x2
You hit Amaemon.
You feel better.
Amaemon is severely wounded.
You feel less invigorated.
You feel less confused.
You feel extremely sick.
The orange demon stings you but does no damage.
Amaemon closely misses you. Amaemon claws you but does no damage.
Amaemon tail-slaps you but does no damage.
You feel much better.
You feel very sick. The orange demon misses you.
Amaemon gestures wildly while chanting.
The orange demon stings you from afar.
You are more poisoned.
You have difficulty breathing.
* * * LOW HITPOINT WARNING * * *
You feel as though you will be slow longer.
Amaemon is struck by your spines.
Amaemon hits you with a -1 demon whip of venom!
* * * LOW HITPOINT WARNING * * *
Amaemon misses you. Amaemon barely misses you.
You slash Amaemon!
You feel better.
Amaemon is almost dead.
You slash the scorpion!
* * * LOW HITPOINT WARNING * * *
You feel very sick. The orange demon stings you from afar!
* * * LOW HITPOINT WARNING * * *
You are more poisoned.
You have difficulty breathing.
You die...

# ###.# ######..[.#
#...s64...# #...@#
#)#### ####..<####.
#...........
#.####.########## #.#
#.#.........
#######.####.#.########
...........#...#
....###..#...[)###


You could see Amaemon, an orange demon (curare) and a scorpion (summoned).

Vanquished Creatures
  The ghost of innerfire43 the Trooper, an amateur DsMo (D:4)
  Prince Ribbit (D:8)
  Sigmund (D:6)
  Eustachio (D:6)
  Menkaure (D:6)
  2 orc warriors
  A sky beast (D:7)
  A black bear (D:5)
  2 ice beasts (D:6)
  An ogre (D:4)
  A phantom (D:7)
  A kobold brigand (D:7)
  An elf skeleton (D:7)
  2 scorpions
  2 howler monkeys
  6 hounds
  A human zombie (D:7)
  6 orc priests
  A sleepcap (D:5)
  2 gnoll boudas
  3 iron imps (D:3)
  2 iguanas
  2 human skeletons (D:7)
  Natasha (thrice) (D:2)
  8 orc wizards
  12 gnolls
  5 adders
  2 shadow imps
  2 ufetubi
  3 worms
  2 dart slugs (D:1)
  16 orcs
  8 bats
  3 endoplasms
  6 giant cockroaches
  7 goblins
  6 hobgoblins
  4 jackals
  4 quokkas
  4 ball pythons
  3 frilled lizards
  16 kobolds
  2 orc skeletons (D:7)
  4 rats
162 creatures vanquished.

Notes
Turn   | Place    | Note
-------+----------+-------------------------------------------
     0 | D:1      | innerfire43 the Demonspawn Monk began the quest for the
                  | Orb.
     0 | D:1      | Reached XP level 1. HP: 18/18 MP: 1/1
   155 | D:1      | Gained mutation: You are partially covered in rugged brown
                  | scales. (AC +1, +3% HP) [demonic ancestry]
   155 | D:1      | Reached XP level 2. HP: 17/23 MP: 2/2
   991 | D:1      | Reached XP level 3. HP: 28/29 MP: 3/3
  1131 | D:2      | Noticed Natasha
  1143 | D:2      | Killed Natasha
  1331 | D:2      | Noticed Natasha
  1339 | D:2      | Killed Natasha
  1340 | D:2      | Reached skill level 4 in Fighting
  1340 | D:2      | Reached XP level 4. HP: 28/38 MP: 4/4
  1533 | D:2      | Found Evopiss's Armour Shop.
  1836 | D:2      | Noticed Natasha
  1841 | D:2      | Killed Natasha
  1842 | D:2      | Gained mutation: You have a pair of small antennae on your
                  | head. [demonic ancestry]
  1842 | D:2      | Reached XP level 5. HP: 37/44 MP: 5/5
  2116 | D:3      | Reached skill level 5 in Fighting
  2125 | D:3      | Gained mutation: You are mostly covered in rugged brown
                  | scales. (AC +2, +5% HP) [demonic ancestry]
  2125 | D:3      | Reached XP level 6. HP: 18/53 MP: 6/6
  2300 | D:3      | Found a burning altar of Makhleb.
  2753 | D:4      | Found a large runed translucent door.
  2754 | D:4      | Found a large runed translucent door.
  2893 | D:4      | Found a runed translucent door.
  2899 | D:4      | Noticed innerfire43's ghost (amateur DsMo)
  3174 | D:4      | Reached skill level 6 in Fighting
  3174 | D:4      | Reached XP level 7. HP: 48/60 MP: 7/7
  3796 | D:4      | Found a snail-covered altar of Cheibriados.
  3799 | D:4      | Found a hazy altar of Hepliaklqana.
  3806 | D:4      | Became a worshipper of Cheibriados the Contemplative
  3806 | D:4      | Reached * piety under Cheibriados
  3806 | D:4      | Reached ** piety under Cheibriados
  3873 | D:4      | Killed innerfire43's ghost
  3964 | D:5      | Entered Level 5 of the Dungeon
  3973 | D:5      | Reached skill level 7 in Fighting
  4155 | D:5      | Reached skill level 5 in Axes
  4155 | D:5      | Reached skill level 5 in Dodging
  4189 | D:5      | Found a sacrificial altar of Ru.
  4290 | D:5      | Gained mutation: You are partially covered in sharp spines.
                  | [demonic ancestry]
  4290 | D:5      | Reached XP level 8. HP: 66/70 MP: 8/8
  4426 | D:5      | Found an ancient bone altar of Kikubaaqudgha.
  4839 | D:5      | Got the Folio of Bewitching Geometries
  5224 | D:6      | Noticed Sigmund
  5233 | D:6      | Killed Sigmund
  5307 | D:6      | Reached skill level 8 in Fighting
  5438 | D:6      | Noticed Eustachio
  5454 | D:6      | Killed Eustachio
  5525 | D:6      | Noticed Menkaure
  5532 | D:6      | Killed Menkaure
  5545 | D:6      | Found a staircase to the Ecumenical Temple.
  5688 | D:6      | Reached XP level 9. HP: 73/78 MP: 9/9
  6093 | D:7      | Reached skill level 9 in Fighting
  6106 | D:7      | Reached *** piety under Cheibriados
  6341 | D:7      | Identified the +7 war axe of Malit {elec, Fragile rElec
                  | Dex+3 SInv}
  6973 | D:8      | Noticed Prince Ribbit
  6981 | D:8      | Killed Prince Ribbit
  7012 | D:8      | Reached skill level 10 in Fighting
  7050 | D:8      | Noticed Amaemon
  7050 | D:8      | Noticed an orange demon
  7070 | D:8      | HP: 2/81 [orange demon[Amaemon] (9)]
  7070 | D:8      | Asphyxiated

Illustrated notes

Levels and vault maps discovered:
D:1:      pf_arrival_petrified_forest, layout_basic
D:2:      layout_loops_ring, serial_shops, shop, uniq_natasha
D:3:      layout_basic, demons_altar
D:4:      layout_gridville, jmf_multi_god_temple2,
          ebering_ghost_reflecting_pool, minmay_misc_feat_iff,
          grunt_ministairs_6
D:5:      layout_loops_corners, mainiacjoe_overflow_alcove_2,
          amcnicky_altar_gilded
D:6:      layout_basic, minmay_temple_entry_purple_smoke, uniq_menkaure,
          uniq_eustachio, uniq_sigmund
D:7:      layout_loops_ring, nicolae_ossuary_entry_catacombs
D:8:      minmay_angry_zag, layout_loops_ring, uniq_maggie, uniq_amaemon,
          uniq_prince_ribbit1, uniq_maurice

Skill      XL: |  1  2  3  4  5  6  7  8  9 |
---------------+----------------------------+-----
Axes           | 3 4 5 6 |  6.7
Dodging        | 3 4 5 6 |  6.7
Fighting       | 4 5 6 7 8 10 | 10.0

Action                     |  1- 3 |  4- 6 |  7- 9 || total
---------------------------+-------+-------+-------++-------
  Melee: Hand axe          |    94 |   114 |   226 ||   434
  Evoke: Wand              |       |     7 |     1 ||     8
    Use: Scroll            |     1 |       |     9 ||    10
         Potion            |       |     1 |     3 ||     4
 Armour: Robe              |    15 |       |       ||    15
         Ring mail         |     5 |    47 |    91 ||   143
  Dodge: Dodged            |    46 |    97 |   159 ||   302

Table legend: (Time is in decaauts)
 A = Elapsed time spent in this place.
 B = Non-inter-level travel time spent in this place.
 C = Inter-level travel time spent in this place.
 D = Time resting spent in this place.
 E = Time spent auto-exploring this place.
 F = Levels seen in this place.
 G = Mean time per level.
                   A        B        C        D        E       F      G
               +--------+--------+--------+--------+--------+-----+--------+
         Total |   8447 |   7679 |    768 |      0 |   6067 |   8 | 1055.9 |
       Dungeon |   8447 |   7679 |    768 |      0 |   6067 |   8 | 1055.9 |
               +--------+--------+--------+--------+--------+-----+--------+

Top non-repeatable levels by time:
     D:5: 1528 daAuts
     D:7: 1467 daAuts
     D:6: 1308 daAuts
     D:4: 1277 daAuts
     D:1: 1108 daAuts
     D:3: 821 daAuts
     D:2: 810 daAuts
     D:8: 125 daAuts
